 Dungeon Crawl Stone Soup version 0.24-a0-378-g94936e539c (webtiles) character file.

Game seed: 12813847690785111938

176 theanonym the Bolt Thrower (level 5, -10/38 HPs)
             Began as a Formicid Hunter on June 1, 2019.
             Killed by nerve-wracking pain
             ... invoked by Grinder
              (14 damage)
             ... on level 3 of the Dungeon.
             The game lasted 00:06:17 (3356 turns).

theanonym the Bolt Thrower (Formicid Hunter)        Turns: 3356, Time: 00:06:18

Health: -10/38     AC:  7    Str: 22    XL:     5   Next: 86%
Magic:  5/5        EV: 15    Int: 11    God:
Gold:   146        SH:  0    Dex: 16    Spells: 4/4 levels left

rFire    . . .     SeeInvis +   a - +1 hand crossbow
rCold    . . .     Gourm    .   (no shield)
rNeg     . . .     Faith    .   m - +0 scale mail
rPois    +         Spirit   .   (helmet unavailable)
rElec    .         Reflect  .   (no cloak)
rCorr    .         Harm     .   g - +0 pair of gloves
MR       .....                  (no boots)
Stlth    +.........             (no amulet)
HPRegen  0.12/turn              f - ring of poison resistance
MPRegen  0.09/turn              (no ring)

@: mighty, agile, flying, lightly drained
A: permanent stasis, dig shafts and tunnels, four strong arms, antennae 3
a: Dig, Shaft Self


Innate Abilities, Weirdness & Mutations

You cannot be hasted, slowed, berserked, paralysed or teleported.
You can dig through walls and to a lower floor.
Your four strong arms can wield two-handed weapons with a shield.
You have a pair of large antennae on your head. (SInv)


   Skills:
 - Level 2.1(1.8) Fighting
 + Level 6.6(6.2) Crossbows
 - Level 1.7(1.4) Dodging
 - Level 1.2(0.8) Stealth


You had 4 spell levels left.
You didn't know any spells.
Your spell library was empty.

Skill      XL: |  1  2  3  4  5 |
---------------+----------------+-----
Crossbows      | 5 6 |  6.6
Fighting       | |  2.1
Dodging        | |  1.7
Stealth        | |  1.2

Action                   |  1- 3 |  4- 6 || total
-------------------------+-------+-------++-------
Melee: Short sword       |   124 |    83 ||   207
       Dagger            |       |    91 ||    91
 Fire: Hand crossbow     |    23 |    21 ||    44
  Use: Scroll            |     1 |       ||     1
       Potion            |       |     3 ||     3
  Eat: Chunk             |     2 |     5 ||     7
Armor: Leather armour    |    47 |       ||    47
       Ring mail         |    12 |    36 ||    48
       Scale mail        |       |    36 ||    36
Dodge: Dodged            |   112 |   113 ||   225

Inventory:

Hand Weapons
 a - a +1 hand crossbow (weapon)
 b - a +0 dagger
Missiles
 d - 28 bolts (quivered)
 h - 41 stones
Armour
 c - a +0 leather armour
 g - a +0 pair of gloves (worn)
 j - a +0 leather armour
 m - a +0 scale mail (worn)
 o - a +0 ring mail
Jewellery
 f - a ring of poison resistance (left hand)
Wands
 w - a wand of flame (23)
Scrolls
 i - 2 scrolls of identify {unknown}
 k - 2 scrolls of teleportation {unknown}
 n - 3 scrolls of remove curse
 r - a scroll of magic mapping {unknown}
 s - a scroll of immolation {unknown}
 t - a scroll of fear {unknown}
Potions
 p - a potion of flight
Comestibles
 e - 4 rations


You were on level 3 of the Dungeon.
You were very hungry.

You visited 1 branch of the dungeon, and saw 3 of its levels.

You collected 146 gold pieces.

Dungeon Overview and Level Annotations

Branches:
Dungeon (3/15)

Altars:
Ashenzari
Cheibriados
Fedhas
Makhleb
Qazlal
Ru
Xom

Annotations:
D:3 Grinder

###.##..############....
................((......
{ ###.##...##### #.#
#.##.#.## #5#
###.##.#..#
###.##############
.......##.#
#................#
...######.#
#.#(###...##.###.## ...#
#....#
#.#§###..###_♣##..#{
...# #.#..##
#.#@....##^_♣^_##.#
...###.#...#
#.#.###.#..≈..≈≈#.#
.......#.#(###.#.#
#.#.#_≈♣.##.#
...#####.#..##.#.#
#....≈__....# ...#
#..#.....#.#
#.##_♣.^_.###
..#####.##...###.#
#.#....^.♣#
##.........[.....#
#.##...≈≈#
##.###...##...##.#
#..##.♣♣##
.#.#......#.#.##.#
##..##.#


You could see Grinder.

Notes
Turn   | Place    | Note
-------+----------+-------------------------------------------
     0 | D:1      | theanonym the Formicid Hunter began the quest for the Orb.
     0 | D:1      | Reached XP level 1. HP: 16/16 MP: 1/1
   356 | D:1      | HP: 6/16 [goblin/+0 dagger (3)]
   357 | D:1      | Reached XP level 2. HP: 9/22 MP: 2/2
   793 | D:1      | HP: 10/22 [hobgoblin/+0 club (3)]
  1123 | D:2      | Reached XP level 3. HP: 26/27 MP: 3/3
  1131 | D:2      | HP: 13/27 [adder (3)]
  1138 | D:2      | HP: 4/27 [adder (3)]
  1139 | D:2      | Reached skill level 5 in Crossbows
  1670 | D:2      | Reached XP level 4. HP: 26/33 MP: 4/4
  1682 | D:2      | HP: 16/33 [quokka (1)]
  2188 | D:2      | Reached XP level 5. HP: 34/38 MP: 5/5
  2299 | D:2      | Found a snail-covered altar of Cheibriados.
  2359 | D:2      | Found a sacrificial altar of Ru.
  2477 | D:3      | Reached skill level 6 in Crossbows
  2541 | D:3      | Found a shattered altar of Ashenzari.
  2541 | D:3      | Found a burning altar of Makhleb.
  2541 | D:3      | Found a blossoming altar of Fedhas.
  2541 | D:3      | Noticed Terence
  2567 | D:3      | Killed Terence
  2749 | D:3      | Found a stormy altar of Qazlal.
  3289 | D:3      | Found a shimmering altar of Xom.
  3289 | D:3      | Found a shimmering altar of Xom.
  3290 | D:3      | Found a shimmering altar of Xom.
  3290 | D:3      | Found a shimmering altar of Xom.
  3290 | D:3      | Found a shimmering altar of Xom.
  3297 | D:3      | Found a shimmering altar of Xom.
  3298 | D:3      | Found a shimmering altar of Xom.
  3298 | D:3      | Found a shimmering altar of Xom.
  3333 | D:3      | Noticed Grinder
  3339 | D:3      | HP: 13/38 [Grinder/nerve-wracking pain (10)]
  3348 | D:3      | HP: 3/38 [Grinder/nerve-wracking pain (9)]
  3356 | D:3      | Killed from afar by Grinder

Vanquished Creatures
  A hound (D:3)
  Terence (D:3)
  6 adders
  3 dart slugs
  7 bats
  4 giant cockroaches (D:2)
  10 goblins
  4 hobgoblins
  13 kobolds
  3 quokkas
  A ball python (D:2)
  3 frilled lizards
  7 rats
63 creatures vanquished.

Table legend:
 A = Turns spent in this place as a percentage of turns spent in the entire game.
 B = Non-inter-level travel turns spent in this place as a percentage of non-inter-level travel turns spent in the entire game.
 C = Inter-level travel turns spent in this place as a percentage of turns spent in this place.
 D = Turns resting spent in this place as a percentage of non-inter-level travel turns spent in this place.
 E = Turns spent auto-exploring this place as a percentage of non-inter-level travel turns spent in this place.
 F = Non-inter-level travel turns spent in this place divided by the number of levels of this place that you've seen.
                   A       B       C       D       E      F
               +-------+-------+-------+-------+-------+----------------------
         Total | 100.0 | 100.0 |   5.2 |  45.8 |  34.7 | 1060.0
       Dungeon | 100.0 | 100.0 |   5.2 |  45.8 |  34.7 | 1060.0
               +-------+-------+-------+-------+-------+----------------------
